 Dungeon Crawl Stone Soup version 0.31.0-9-g3a7656b989 (webtiles) character file.

Game seed: 16408285858223301183

120 qw the Ducker (level 4, -12/22 HPs)
             Began as a Spriggan Hunter on Feb 2, 2024.
             Mangled by Edmund
             ... wielding a +2 heavy dire flail
              (26 damage)
             ... on level 3 of the Dungeon.
             The game lasted 00:00:07 (2400 turns).

qw the Ducker (Spriggan Hunter)                     Turns: 2400, Time: 00:00:08

Health: -12/22     AC:  2    Str:  7    XL:     4   Next: 75%
Magic:  5/5        EV: 22    Int: 10    God:
Gold:   66         SH:  0    Dex: 26    Spells: 3/3 levels left

rFire   . . .        a - +1 shortbow
rCold   . . .        (shield currently unavailable)
rNeg    . . .        c - +0 robe
rPois   .            (helmet restricted)
rElec   .            (no cloak)
rCorr   .            (gloves unavailable)
SInv    +            (boots unavailable)
Will    .....        (no amulet)
Stlth   ++           d - +6 ring of dexterity
HPRegen 0.23/turn    (no ring)
MPRegen 0.09/turn

%: no passive effects
@: very quick
A: very small, no large weapons, unfitting armour, see invisible, speed 3
a: no special abilities


You were on level 3 of the Dungeon.
You visited 1 branch of the dungeon, and saw 4 of its levels.

You collected 176 gold pieces.
You spent 110 gold pieces at shops.


Innate Abilities, Weirdness & Mutations

You are very small and have problems with some larger weapons.
You are too small for most types of armour.
You have supernaturally acute eyesight. (SInv)
You cover ground extremely quickly. (Speed+++)


   Skills:
 - Level 1.5 Fighting
 - Level 5.0 Ranged Weapons
 + Level 5.4 Dodging
 - Level 1.5 Stealth


You had 3 spell levels left.
You didn't know any spells.
Your spell library was empty.

Inventory:

Hand Weapons
 a - a +1 shortbow (weapon)
Armour
 c - a +0 robe (worn)
Jewellery
 d - a +6 ring of dexterity (left hand)
Scrolls
 e - a scroll of teleportation
 j - a scroll of enchant armour
Potions
 g - a potion of enlightenment
 h - a potion of heal wounds
 i - 3 potions of curing

Dungeon Overview and Level Annotations

Branches:
Dungeon (4/15)
 Temple: D:4-7

Altars:
Ashenzari

Shops:
D:1 (   D:2 *!*=:

Annotations:
D:3 Edmund


Message History

You climb downwards.
Found a stone staircase leading down.
There is a stone staircase leading up here.
Edmund is nearby!
Waypoint 3 assigned to D:4.
You shoot an arrow.
The arrow hits Edmund but does no damage.
You hear a shout!
You shoot an arrow. The arrow closely misses Edmund.
A kobold comes into view. It is wielding a +0 short sword.
An endoplasm comes into view.
You shoot an arrow. The kobold shouts!
The arrow hits the kobold but does no damage.
You shoot an arrow. The arrow hits the kobold!
You kill the kobold!
You shoot an arrow. The arrow closely misses Edmund.
The arrow hits the endoplasm.
You kill the endoplasm!
A goblin comes into view. It is wielding a +0 dagger.
You shoot an arrow. The arrow hits Edmund!
Edmund is lightly wounded.
Edmund hits you with a +2 heavy dire flail!
2394 ||| STAIRDANCE You climb upwards.
There is a stone staircase leading down here.
You shoot an arrow. The arrow hits Edmund!
Edmund is moderately wounded.
Edmund closely misses you.
You shoot an arrow. The arrow barely misses Edmund.
Edmund misses you.
You shoot an arrow. The arrow hits Edmund!
Edmund is heavily wounded.
Edmund closely misses you.
You shoot an arrow. The arrow hits Edmund.
Edmund is severely wounded.
You shoot an arrow. The arrow barely misses Edmund.
Edmund hits you with a +2 heavy dire flail!!
Ouch! That really hurt!
You die...
Edmund says, "I'd like to see a scythe do that!"

####### #########.....#
#.......#.###.###########
#.#####.#.# #...........########
#.# #.#.#####.#######.#.......
#.# #.#.......# #.'....... #.#
#.#######.#########.......
##.#####....#.##@........#####...
#...........).##.@######.#####.##
###########.#.##......#......#.#.
#.........##.####........#.#.
#.#####.####.#####.......#.#. #.#
#......#.# #.....###.#.
#.##########.#.#####'#.# #.#.
#.##...........#.......###.##
###.##.#######.#.#.............


You could see Edmund.

Vanquished Creatures
  6 adders
  A dart slug (D:1)
  2 orcs (D:3)
  7 bats
  7 endoplasms
  A giant cockroach (D:1)
  4 goblins
  7 hobgoblins
  2 jackals (D:2)
  4 quokkas
  6 ball pythons
  6 frilled lizards
  6 kobolds
  4 rats
63 creatures vanquished.

Notes
Turn   | Place    | Note
-------+----------+-------------------------------------------
     0 | D:1      | qw the Spriggan Hunter began the quest for the Orb.
     0 | D:1      | Reached XP level 1. HP: 10/10 MP: 2/2
     0 | D:1      | 0 ||| qw: Version: 0.3-a-155-g5e7d8dd
     0 | D:1      | 0 ||| qw: Game counter: 1528
     0 | D:1      | 0 ||| qw: Melee chars always use a shield: true
     0 | D:1      | 0 ||| qw: God list: Okawaru
     0 | D:1      | 0 ||| qw: Allow faded altars: false
     0 | D:1      | 0 ||| qw: Do Orc after clearing Dungeon:15 true
     0 | D:1      | 0 ||| qw: Do second Lair branch before Depths: true
     0 | D:1      | 0 ||| qw: Lair rune preference: random
     0 | D:1      | 0 ||| qw: Goals: Normal
     0 | D:1      | 0 ||| PLANNING D:1-11
    38 | D:1      | Reached skill level 3 in Dodging
   210 | D:1      | Reached XP level 2. HP: 14/14 MP: 3/3
   404 | D:1      | Found Gaybe's Antique Weapon Boutique.
   412 | D:1      | 412 ||| SHOPLISTING jewelled sling (110 gold, have 82).
   835 | D:1      | Reached XP level 3. HP: 18/18 MP: 4/4
  1054 | D:1      | 1054 ||| UPGRADING to +6 ring of dexterity.
  1055 | D:1      | 1055 ||| READING scroll labelled CUUNTIUREEN.
  1056 | D:1      | 1056 ||| READING scroll labelled WORIUX GUINOGH.
  1057 | D:1      | 1057 ||| READING scroll labelled GIATAL QIGAOQ.
  1058 | D:1      | 1058 ||| DROPPING scroll of butterflies.
  1109 | D:2      | Found Gammoabo's General Store.
  1158 | D:2      | Found Yceen's Book Emporium.
  1159 | D:2      | Found Nocedatu's Jewellery Emporium.
  1167 | D:2      | 1167 ||| SHOPLISTING amulet of reflection (420 gold, have
                  | 114).
  1167 | D:2      | 1167 ||| SHOPLISTING amulet of regeneration (420 gold, have
                  | 114).
  1167 | D:2      | 1167 ||| SHOPLISTING ring of positive energy (280 gold,
                  | have 114).
  1167 | D:2      | 1167 ||| SHOPLISTING ring of resist corrosion (280 gold,
                  | have 114).
  1241 | D:2      | 1241 ||| BUYING potion of curing (33 gold).
  1241 | D:2      | Bought a potion of curing for 33 gold pieces
  1241 | D:2      | 1241 ||| BUYING scroll of identify (22 gold).
  1241 | D:2      | Bought a scroll of identify for 22 gold pieces
  1241 | D:2      | 1241 ||| SHOPLISTING wand of acid (8) (369 gold, have 59).
  1384 | D:2      | Found Ocrajat's Distillery.
  1384 | D:2      | Found Wuash's General Store.
  1390 | D:2      | 1390 ||| SHOPLISTING 2 potions of enlightenment (110 gold,
                  | have 59).
  1390 | D:2      | 1390 ||| BUYING potion of curing (33 gold).
  1390 | D:2      | Bought a potion of curing for 33 gold pieces
  1390 | D:2      | 1390 ||| SHOPLISTING potion of curing (33 gold, have 26).
  1390 | D:2      | 1390 ||| SHOPLISTING potion of heal wounds (55 gold, have
                  | 26).
  1390 | D:2      | 1390 ||| SHOPLISTING potion of mutation (88 gold, have 26).
  1390 | D:2      | 1390 ||| SHOPLISTING potion of resistance (110 gold, have
                  | 26).
  1400 | D:2      | 1400 ||| SHOPLISTING +0 cloak (49 gold, have 26).
  1400 | D:2      | 1400 ||| BUYING scroll of identify (22 gold).
  1400 | D:2      | Bought a scroll of identify for 22 gold pieces
  1456 | D:2      | 1456 ||| READING 5 scrolls of identify.
  1456 | D:2      | 1456 ||| IDENTIFYING glowing purple potion
  1457 | D:2      | 1457 ||| READING 4 scrolls of identify.
  1457 | D:2      | 1457 ||| IDENTIFYING bubbling amethyst potion
  1458 | D:2      | 1458 ||| READING 3 scrolls of identify.
  1458 | D:2      | 1458 ||| IDENTIFYING murky sapphire potion
  1459 | D:2      | 1459 ||| READING 2 scrolls of identify.
  1459 | D:2      | 1459 ||| IDENTIFYING white potion
  1460 | D:2      | 1460 ||| READING scroll of identify.
  1460 | D:2      | 1460 ||| IDENTIFYING scroll labelled OTZEL HAINYO
  1461 | D:2      | 1461 ||| READING scroll labelled XIWOLO YDAO.
  1464 | D:2      | 1464 ||| DROPPING potion of lignification.
  1465 | D:2      | 1465 ||| DROPPING potion of magic.
  1697 | D:3      | Reached XP level 4. HP: 22/22 MP: 5/5
  1807 | D:3      | Found a faded altar of an unknown god.
  1911 | D:3      | Found a broken altar of Ashenzari.
  2357 | D:3      | 2357 ||| READING scroll of identify.
  2357 | D:3      | 2357 ||| IDENTIFYING scroll labelled BUNYERRE UMIU
  2358 | D:3      | 2358 ||| READING scroll of enchant weapon.
  2358 | D:3      | 2358 ||| ENCHANTING +0 shortbow.
  2387 | D:4      | Noticed Edmund
  2394 | D:4      | 2394 ||| STAIRDANCE
  2400 | D:3      | Mangled by Edmund

Levels and vault maps discovered:
D:1:      nicolae_arrival_memento_mori, layout_basic, serial_shops, shop
D:2:      layout_rooms, serial_shops, shop, nicolae_diamond_shop, shop,
          shop_fountains, shop
D:3:      layout_basic, mainiacjoe_overflow_alcove_2,
          hellmonk_ecumenical_altar_pennies_from_heaven,
          nicolae_figureground_pulse
D:4:      minmay_diamond_boxcup, layout_basic, uniq_edmund

Skill      XL: |  1  2  3  4 |
---------------+-------------+-----
Dodging        | 3 4 5 |  5.4
Ranged Weapons | 5 |  5.0
Fighting       | |  1.5
Stealth        | |  1.5

Action                     |  1- 3 |  4- 6 || total
---------------------------+-------+-------++-------
   Fire: Shortbow          |    98 |    41 ||   139
    Use: Scroll            |     9 |     2 ||    11
 Armour: Robe              |     3 |     5 ||     8
  Dodge: Dodged            |    27 |     9 ||    36

Table legend:
 A = Non-vault XP
 B = Vault XP
 C = Vault XP percentage of total XP
 D = Non-vault monster count
 E = Vault monster count
 F = Vault count percentage of total count
                 A         B        C        D         E       F
            +---------+---------+-------+---------+---------+-------
      Total |     172 |       0 |   0.0 |      63 |       0 |   0.0
            +---------+---------+-------+---------+---------+-------
        D:1 |      42 |       0 |   0.0 |      27 |       0 |   0.0
        D:2 |      43 |       0 |   0.0 |      12 |       0 |   0.0
        D:3 |      83 |       0 |   0.0 |      22 |       0 |   0.0
        D:4 |       4 |       0 |   0.0 |       2 |       0 |   0.0
            +---------+---------+-------+---------+---------+-------
